[Event "Titled Tuesday Blitz November 29 Late 2022"]
[White "Bluebaum, Matthias"]
[Black "Pakleza, Zbigniew"]
[WhiteFideId "24651516"]
[BlackFideId "1119290"]
[WhiteElo "2633"]
[BlackElo "2411"]
[Result "1-0"]
[Round "07"]
[TimeControl "180+1"]
[Date "2022.11.30"]
[WhiteClock "0:01:01"]
[BlackClock "0:00:01"]

1. d4 d6 2. Nf3 Bg4 3. e4 Nf6 4. h3 Bh5 5. Nc3 e6 6. Qe2 c6 7. g4 Bg6 8. h4 h5 9. g5 Nfd7 10. Bh3 Be7 11. d5 cxd5 12. exd5 e5 13. Ne4 Na6 14. O-O Nac5 15. Nxc5 Nxc5 16. Qb5+ Kf8 17. Be3 a6 18. Qe2 Ne4 19. Nd2 Nxd2 20. Qxd2 f5 21. f4 e4 22. c4 Qd7 23. b4 Kg8 24. c5 Kh7 25. Rac1 Rac8 26. Rfd1 Rhd8 27. Bf1 Bf7 28. c6 bxc6 29. Bxa6 Ra8 30. dxc6 Qc7 31. b5 Rxa6 32. bxa6 d5 33. Qd4 Bd6 34. Qb6 Bxf4 35. Qxc7 Bxc7 36. Rb1 f4 37. Rf1 fxe3 38. Rxf7 d4 39. Rxc7 d3 40. Rd7 Rxd7 41. cxd7 e2 42. d8=Q 1-0


[Site "https://www.chess.com"]

[Event "Titled Tuesday Blitz November 29 Late 2022"]
[White "Bogaudinov, Rushan"]
[Black "Clawitter, Craig"]
[WhiteFideId "4129288"]
[BlackFideId "2023105"]
[WhiteElo "1997"]
[BlackElo "2264"]
[Result "1-0"]
[Round "07"]
[TimeControl "180+1"]
[Date "2022.11.30"]
[WhiteClock "0:00:15"]
[BlackClock "0:00:02"]

1. a3 e5 2. e3 g6 3. h4 h5 4. d4 d6 5. Nf3 Bg7 6. dxe5 dxe5 7. Qxd8+ Kxd8 8. Ng5 Ke7 9. Bd2 Nc6 10. Bb5 f6 11. Bxc6 bxc6 12. Bb4+ Ke8 13. Ne4 Ne7 14. Nbd2 Nd5 15. c4 Nb6 16. a4 Be6 17. b3 Rb8 18. Bc3 Nd7 19. b4 Ke7 20. b5 c5 21. Ba5 f5 22. Ng5 Nb6 23. Nxe6 Kxe6 24. Bc3 Rhd8 25. Ke2 Rd7 26. a5 Nc8 27. Nb3 Bf8 28. Rhd1 Bd6 29. f3 c6 30. Rdb1 cxb5 31. cxb5 c4 32. Nd2 Rc7 33. Ra4 Bc5 34. Rxc4 Nd6 35. b6 axb6 36. axb6 Rxb6 37. Rxb6 Bxb6 38. Rxc7 Bxc7 39. Bb4 Kd5 40. Bxd6 Bxd6 41. e4+ Ke6 42. Kd3 Bc5 43. Ke2 Bb6 44. Nc4 Bd4 45. Nd2 Bb6 46. Nf1 Kf6 47. Ng3 Bd4 48. exf5 gxf5 49. Nxh5+ Kg6 50. Ng3 Bc5 51. Nf1 f4 52. Nd2 Kh5 53. Nc4 Bd4 54. Kd3 Kxh4 55. Ke4 Kg3 56. Nxe5 Bxe5 57. Kxe5 Kxg2 58. Kxf4 Kh3 59. Ke5 Kg3 60. f4 1-0


[Site "https://www.chess.com"]

[Event "Titled Tuesday Blitz November 29 Late 2022"]
[White "Bok, Benjamin"]
[Black "Abdrlauf, Elham"]
[WhiteFideId "1017063"]
[BlackFideId "1533533"]
[WhiteElo "2658"]
[BlackElo "2447"]
[Result "1-0"]
[Round "07"]
[TimeControl "180+1"]
[Date "2022.11.30"]
[WhiteClock "0:00:03"]
[BlackClock "0:00:04"]

1. c4 e6 2. g3 d5 3. Bg2 Nf6 4. Nf3 d4 5. O-O c5 6. e3 Nc6 7. exd4 cxd4 8. d3 Bd6 9. Na3 O-O 10. Nc2 e5 11. b4 Re8 12. Rb1 h6 13. Re1 Bf5 14. b5 Na5 15. h3 Rc8 16. g4 Bh7 17. g5 hxg5 18. Bxg5 e4 19. dxe4 d3 20. Ne3 Be7 21. Nd2 Nxe4 22. Bxe7 Qxe7 23. Bxe4 Bxe4 24. Qg4 Bg6 25. h4 Rc5 26. Ng2 Qd8 27. Rxe8+ Qxe8 28. Re1 Qc8 29. Qxc8+ Rxc8 30. Ne3 b6 31. f3 f6 32. Kf2 Bf7 33. Nf5 Rd8 34. Re4 Nb7 35. Re7 Nc5 36. Rxa7 g6 37. Nh6+ Kg7 38. Nxf7 Re8 39. Nd6+ 1-0


[Site "https://www.chess.com"]

[Event "Titled Tuesday Blitz November 29 Late 2022"]
[White "Boyer, Mahel"]
[Black "Martinez Reyes, Pedro Ramon"]
[WhiteFideId "45102422"]
[BlackFideId "3901807"]
[WhiteElo "2454"]
[BlackElo "2354"]
[Result "1-0"]
[Round "07"]
[TimeControl "180+1"]
[Date "2022.11.30"]
[WhiteClock "0:01:45"]
[BlackClock "0:00:08"]

1. e4 c6 2. c4 d5 3. cxd5 cxd5 4. exd5 Nf6 5. Nc3 g6 6. Nf3 Bg7 7. Bc4 O-O 8. O-O Nbd7 9. d3 Nb6 10. Qb3 Bf5 11. Re1 Rc8 12. h3 Ne8 13. Bg5 Bf6 14. Bxf6 exf6 15. Qa3 a6 16. Rad1 Nd6 17. b3 Qc7 18. Nd4 Bd7 19. Re7 Rfe8 20. Rde1 Rxe7 21. Rxe7 Re8 22. Rxe8+ Bxe8 23. Qb4 Bd7 24. Ne4 Nbc8 25. Nxf6+ Kg7 26. Qc3 Nxc4 27. Ne6+ fxe6 28. Ne8+ Kf7 29. Nxc7 N4d6 30. dxe6+ 1-0


[Site "https://www.chess.com"]

[Event "Titled Tuesday Blitz November 29 Late 2022"]
[White "Buchenau, Frank"]
[Black "Young, Ryan"]
[WhiteFideId "4604350"]
[BlackFideId "2049945"]
[WhiteElo "2157"]
[BlackElo "2286"]
[Result "1-0"]
[Round "07"]
[TimeControl "180+1"]
[Date "2022.11.30"]
[WhiteClock "0:00:13"]
[BlackClock "0:00:20"]

1. e4 c5 2. Nf3 e6 3. d4 cxd4 4. Nxd4 a6 5. Bd3 Bc5 6. Nb3 Ba7 7. O-O Ne7 8. c4 d6 9. Qe2 Nbc6 10. Be3 O-O 11. Bxa7 Rxa7 12. Nc3 d5 13. exd5 exd5 14. cxd5 Nxd5 15. Bxh7+ Kxh7 16. Qh5+ Kg8 17. Nxd5 Be6 18. Rad1 Bxd5 19. Rxd5 Qf6 20. Rd3 g6 21. Qe2 Raa8 22. Rfd1 Rfe8 23. Qd2 Rad8 24. Nc5 Rxd3 25. Nxd3 Rd8 26. h3 Qd4 27. Qc3 Ne5 28. Nxe5 Qxd1+ 29. Kh2 Qd6 30. f4 Qe6 31. Qc7 Qd5 32. b3 Kg7 33. a4 Rd6 34. a5 Rf6 35. Ng4 Rc6 36. Qe7 Qe6 37. Qg5 Qd6 38. Ne5 Rc7 39. h4 Re7 40. h5 Re6 41. hxg6 Rxg6 42. Nxg6 Qxg6 43. Qxg6+ Kxg6 44. g4 Kf6 45. Kg3 Ke6 46. Kf3 Kd5 47. g5 Kc5 48. f5 Kd5 49. g6 fxg6 50. fxg6 Ke6 51. Ke4 Kf6 52. Kd5 Kxg6 53. Kc5 Kf7 54. Kb6 Ke7 55. Kxb7 Kd6 56. b4 Kd7 57. Kxa6 Kc6 58. b5+ Kc7 59. b6+ Kb8 60. Kb5 Ka8 61. a6 Kb8 62. Kc6 Ka8 63. Kd7 Kb8 64. b7 Ka7 65. Kc7 Kxa6 66. b8=Q Ka5 67. Qb3 Ka6 68. Qb4 Ka7 69. Qa3# 1-0


[Site "https://www.chess.com"]

[Event "Titled Tuesday Blitz November 29 Late 2022"]
[White "Burke, Paul"]
[Black "Winkels, Marcel"]
[WhiteFideId "2605767"]
[BlackFideId "1003887"]
[WhiteElo "1918"]
[BlackElo "1900"]
[Result "1/2-1/2"]
[Round "07"]
[TimeControl "180+1"]
[Date "2022.11.30"]
[WhiteClock "0:00:10"]
[BlackClock "0:00:05"]

1. e4 c5 2. Nf3 d6 3. d4 cxd4 4. c3 dxc3 5. Nxc3 Nf6 6. Bc4 e6 7. O-O Be7 8. Qe2 O-O 9. Rd1 Nc6 10. e5 Ne8 11. exd6 Nxd6 12. Bd3 a6 13. a3 b5 14. Bf4 Bb7 15. Bc2 Qc7 16. Bxd6 Bxd6 17. Qd3 Bxh2+ 18. Nxh2 g6 19. Ne4 Qe5 20. Qd7 Na5 21. Nf3 Qxb2 22. Qd4 Qxd4 23. Nxd4 Rac8 24. Rac1 Rxc2 25. Nxc2 Bxe4 26. Ne3 Nc4 27. Nxc4 bxc4 28. Rxc4 Bd5 29. Rc7 Rb8 30. Rdc1 h5 31. Rc8+ Rxc8 32. Rxc8+ Kg7 33. Rc7 Kf6 34. Ra7 Bc4 35. a4 g5 36. a5 Kg6 37. f3 g4 38. fxg4 hxg4 39. Kf2 f5 40. Kg3 Kf6 41. Rc7 Bb5 42. Rc5 Bd3 43. Kf2 f4 44. g3 f3 45. Ke3 Bf1 46. Kf2 Be2 47. Ke3 e5 48. Kf2 Kf5 49. Ke3 Bf1 50. Kf2 Be2 51. Ke3 Ke6 52. Rc6+ Kd5 53. Rg6 Kc4 54. Rxg4+ Kc3 55. Rg5 Kb4 56. Rxe5 Kc4 57. Kf2 Kd4 58. Rxe2 fxe2 59. Kxe2 Ke4 60. Kd2 Kf3 61. Kc3 Kxg3 62. Kc4 Kf4 63. Kc5 Ke5 64. Kb6 Kd6 65. Kxa6 Kc6 66. Ka7 Kc7 67. a6 Kc8 68. Kb6 Kb8 69. a7+ Ka8 70. Kc7 Kxa7 1/2-1/2


[Site "https://www.chess.com"]

[Event "Titled Tuesday Blitz November 29 Late 2022"]
[White "Calcada, Lucas Galvan"]
[Black "Rosenberg, Evan S"]
[WhiteFideId "22746099"]
[BlackFideId "2019299"]
[WhiteElo "1523"]
[BlackElo "2345"]
[Result "1-0"]
[Round "07"]
[TimeControl "180+1"]
[Date "2022.11.30"]
[WhiteClock "0:00:26"]
[BlackClock "0:00:01"]

1. d4 d5 2. c4 e6 3. Nf3 c5 4. cxd5 exd5 5. Nc3 Nf6 6. Bg5 Be6 7. e3 c4 8. Be2 Bb4 9. Ne5 O-O 10. Qc2 h6 11. Bh4 Nc6 12. O-O Be7 13. Rfd1 Nxe5 14. dxe5 Nd7 15. Bxe7 Qxe7 16. Nxd5 Bxd5 17. Rxd5 Nxe5 18. Rad1 Rac8 19. a4 Rc7 20. h3 Rfc8 21. Qc3 Ng6 22. Bg4 Rf8 23. Rd7 Rxd7 24. Rxd7 Qe4 25. Bf3 Qb1+ 26. Kh2 Qf5 27. Rxb7 Ne5 28. Be2 Rc8 29. f4 Nd3 30. Bg4 Qc5 31. Bxc8 Qxc8 32. Rxa7 Qc5 33. Qd4 Qb4 34. Ra8+ Kh7 35. Qe4+ g6 36. Qd4 Ne5 37. Qxe5 Qf8 38. Rxf8 g5 39. f5 h5 40. Qh8# 1-0


[Site "https://www.chess.com"]

[Event "Titled Tuesday Blitz November 29 Late 2022"]
[White "Cappelletto, Joshuaede"]
[Black "Freile Martin, Javier"]
[WhiteFideId "2824383"]
[BlackFideId "3600165"]
[WhiteElo "2237"]
[BlackElo "2326"]
[Result "1-0"]
[Round "07"]
[TimeControl "180+1"]
[Date "2022.11.30"]
[WhiteClock "0:01:22"]
[BlackClock "0:00:10"]

1. c4 e5 2. g3 Bc5 3. Bg2 Nc6 4. Nc3 d6 5. e3 a6 6. Nge2 Nge7 7. O-O Nf5 8. a3 O-O 9. b4 Bb6 10. Bb2 Re8 11. Nd5 Ba7 12. a4 Nce7 13. Nec3 Nxd5 14. Nxd5 c6 15. Nc3 Be6 16. d3 d5 17. c5 Bb8 18. b5 axb5 19. axb5 Rxa1 20. Qxa1 d4 21. exd4 exd4 22. Ne2 Bd5 23. Nxd4 Bxg2 24. Kxg2 Qd5+ 25. Kg1 Qxc5 26. bxc6 bxc6 27. Nxf5 Qxf5 28. Bxg7 Qxd3 29. Bh8 Qg6 30. Bd4 h5 31. Qb1 Qg4 32. Bf6 h4 33. Bxh4 Be5 34. Qd1 Qg6 35. Qd7 Re6 36. f4 Rd6 37. Qe8+ Kh7 38. fxe5 1-0


[Site "https://www.chess.com"]

[Event "Titled Tuesday Blitz November 29 Late 2022"]
[White "Cardoso Cardoso, Jose Gabriel"]
[Black "Ezat, Mohamed"]
[WhiteFideId "4430492"]
[BlackFideId "10600906"]
[WhiteElo "2484"]
[BlackElo "2386"]
[Result "1-0"]
[Round "07"]
[TimeControl "180+1"]
[Date "2022.11.30"]
[WhiteClock "0:00:19"]
[BlackClock "0:00:01"]

1. c4 Nf6 2. Nc3 g6 3. g3 Bg7 4. Bg2 O-O 5. d3 c5 6. e3 d6 7. Nge2 Nc6 8. Qd2 a6 9. b3 Rb8 10. Bb2 Bd7 11. O-O b5 12. Rad1 Qc8 13. Rfe1 Bh3 14. Bh1 e5 15. f4 Ng4 16. Nd5 Kh8 17. Nec3 f5 18. Ba1 Qd8 19. Bg2 Bxg2 20. Qxg2 Qc8 21. h3 Nh6 22. Kh2 bxc4 23. dxc4 e4 24. Rd2 Nf7 25. Red1 Rb7 26. g4 Nh6 27. g5 Nf7 28. h4 h5 29. Qf1 Kh7 30. Na4 Bxa1 31. Rxa1 Ne7 32. Nf6+ Kg7 33. Qc1 Ng8 34. Nd5 Kh7 35. Qc3 Qe6 36. Rad1 Rd8 37. Nab6 Rdb8 38. Qa5 Ne7 39. Nf6+ Kg7 40. Nbd5 Nxd5 41. Rxd5 Rb6 42. Qc3 Kf8 43. Nh7+ Kg8 44. Nf6+ Kf8 45. R5d2 Ke7 46. Nd5+ Kf8 47. Nxb6 Rxb6 48. Qa5 Rc6 49. Rd5 Qc8 50. Qc3 Kg8 51. Qf6 Nh8 52. Rxd6 Rxd6 53. Rxd6 Kh7 54. Rd8 1-0


[Site "https://www.chess.com"]

[Event "Titled Tuesday Blitz November 29 Late 2022"]
[White "Chlpik, Martin"]
[Black "Reprintsev, Alexander"]
[WhiteFideId "14923351"]
[BlackFideId "14100541"]
[WhiteElo "2109"]
[BlackElo "2230"]
[Result "1-0"]
[Round "07"]
[TimeControl "180+1"]
[Date "2022.11.30"]
[WhiteClock "0:00:16"]
[BlackClock "0:00:18"]

1. d4 d5 2. c4 e5 3. e4 dxe4 4. d5 c6 5. Nc3 Bb4 6. Ne2 Nf6 7. Bg5 Bg4 8. Qb3 Qa5 9. Bxf6 gxf6 10. a3 Bxc3+ 11. Nxc3 b6 12. Be2 Bxe2 13. Kxe2 O-O 14. Nxe4 Kh8 15. Qf3 Nd7 16. dxc6 Nc5 17. Qxf6+ Kg8 18. Qg5+ Kh8 19. Qxe5+ f6 20. Nxf6 Nb3 21. Nd5+ Kg8 22. Qg5+ Kh8 23. Qe5+ Kg8 24. Ne7+ Kf7 25. Qxa5 bxa5 26. Nd5 Nxa1 27. Rxa1 Rab8 28. b4 Kg6 29. f4 Kf5 30. Kf3 h5 31. g3 Rf7 32. Re1 Kg6 33. Re5 Rc8 34. c7 axb4 35. axb4 a6 36. b5 axb5 37. cxb5 Rfxc7 38. Nxc7 Rxc7 39. b6 Rc3+ 40. Re3 Rb3 41. Rxb3 1-0


[Site "https://www.chess.com"]

[Event "Titled Tuesday Blitz November 29 Late 2022"]
[White "Coelho, Ramyres Santana"]
[Black "Bas Mas, Jose Joaquin"]
[WhiteFideId "2120690"]
[BlackFideId "22219064"]
[WhiteElo "1888"]
[BlackElo "2233"]
[Result "0-1"]
[Round "07"]
[TimeControl "180+1"]
[Date "2022.11.30"]
[WhiteClock "0:00:02"]
[BlackClock "0:00:35"]

1. e4 c5 2. Nf3 Nc6 3. d4 cxd4 4. c3 dxc3 5. Nxc3 d6 6. Bc4 a6 7. O-O Nf6 8. h3 e6 9. Qe2 Be7 10. Rd1 Qc7 11. Bf4 Ne5 12. Nxe5 dxe5 13. Bg3 Bd7 14. Rac1 Bc6 15. f3 O-O 16. Bb3 Rfd8 17. Rxd8+ Rxd8 18. Rd1 Nh5 19. Rxd8+ Bxd8 20. Bh2 Qd6 21. Qd1 Bb6+ 22. Kh1 Qxd1+ 23. Nxd1 Bd4 24. g4 Nf4 25. Bxf4 exf4 26. Kg2 Bb5 27. a4 Bd3 28. Nc3 Kf8 29. Bd1 g5 30. h4 h6 31. hxg5 hxg5 32. a5 Ke7 33. Na4 Kd6 34. b4 Kc6 35. Nc5 Bxc5 36. bxc5 Kxc5 37. Ba4 Kb4 38. Be8 f6 39. Bd7 Kxa5 40. Bxe6 Kb4 41. Kf2 a5 42. Bd5 b5 43. Ke1 Bc4 44. Bc6 Kb3 45. Kd2 Kb2 46. Bd5 a4 47. Bc6 a3 48. e5 fxe5 49. Bxb5 Bxb5 50. Ke1 a2 51. Kf2 a1=Q 52. Kg2 Qf1+ 53. Kh2 e4 54. fxe4 f3 0-1


[Site "https://www.chess.com"]

[Event "Titled Tuesday Blitz November 29 Late 2022"]
[White "Curtis, John"]
[Black "Abrahamyan, Tatev"]
[WhiteFideId "3200256"]
[BlackFideId "13301918"]
[WhiteElo "2203"]
[BlackElo "2347"]
[Result "0-1"]
[Round "07"]
[TimeControl "180+1"]
[Date "2022.11.30"]
[WhiteClock "0:00:04"]
[BlackClock "0:00:49"]

1. e4 e6 2. d4 d5 3. exd5 exd5 4. c4 Nf6 5. Nc3 Be7 6. cxd5 O-O 7. Bc4 Nbd7 8. Nge2 Nb6 9. Bb3 Nfxd5 10. O-O c6 11. Nxd5 Nxd5 12. Nc3 Be6 13. Ne4 Qb6 14. Bg5 f6 15. Bc1 Rad8 16. Re1 Bb4 17. Re2 Bf7 18. a3 Be7 19. Be3 Kh8 20. Bxd5 Bxd5 21. Nc3 Bc4 22. Rd2 Qa5 23. Qf3 Rd7 24. h3 Rfd8 25. Re1 Bf8 26. g4 Bxa3 27. Ra1 Bd5 28. Nxd5 Rxd5 29. Rxa3 Qb6 30. g5 fxg5 31. Qg3 h6 0-1


[Site "https://www.chess.com"]

[Event "Titled Tuesday Blitz November 29 Late 2022"]
[White "Czopor, Maciej"]
[Black "Rangel, Daniel"]
[WhiteFideId "21805431"]
[BlackFideId "2124475"]
[WhiteElo "2324"]
[BlackElo "2225"]
[Result "1-0"]
[Round "07"]
[TimeControl "180+1"]
[Date "2022.11.30"]
[WhiteClock "0:00:03"]
[BlackClock "0:00:07"]

1. c4 Nf6 2. Nc3 e6 3. e4 d5 4. e5 Nfd7 5. d4 dxc4 6. Bxc4 Nb6 7. Bb3 c5 8. Nf3 Nc6 9. O-O cxd4 10. Ne4 Be7 11. a3 O-O 12. Qd3 g6 13. Bh6 Re8 14. Rfe1 Nd7 15. Ng3 Nc5 16. Qd1 Nxb3 17. Qxb3 Qd5 18. Qd3 b6 19. Rad1 Bb7 20. h4 Rad8 21. h5 Bf8 22. Bxf8 Rxf8 23. Ne4 Qa5 24. Nf6+ Kg7 25. b4 Qa4 26. Qd2 h6 27. Qf4 Ne7 28. Rxd4 Bxf3 29. Rxd8 Rxd8 30. Qxf3 Nf5 31. hxg6 fxg6 32. Qb7+ Kf8 33. Qh7 Rd1 34. Qh8+ Ke7 35. Rxd1 Qxd1+ 36. Kh2 Qd2 37. Qe8# 1-0


[Site "https://www.chess.com"]

[Event "Titled Tuesday Blitz November 29 Late 2022"]
[White "Di Berardino, Diego Rafael"]
[Black "Chigaev, Maksim"]
[WhiteFideId "2105446"]
[BlackFideId "4108116"]
[WhiteElo "2442"]
[BlackElo "2541"]
[Result "0-1"]
[Round "07"]
[TimeControl "180+1"]
[Date "2022.11.30"]
[WhiteClock "0:00:03"]
[BlackClock "0:00:07"]

1. e4 c5 2. Nf3 e6 3. d4 cxd4 4. Nxd4 Nf6 5. Nc3 Nc6 6. Be2 Be7 7. O-O Qc7 8. Be3 a6 9. f4 d6 10. Kh1 O-O 11. Qe1 Nxd4 12. Bxd4 b5 13. a3 Bb7 14. Qg3 Bc6 15. Rae1 Rac8 16. Bd3 e5 17. fxe5 Nh5 18. Qh3 dxe5 19. Be3 g6 20. Bh6 Ng7 21. Rf2 Bd7 22. Qf3 Be6 23. Ref1 f6 24. Qg3 Rf7 25. Qh4 Rcf8 26. Rf3 f5 27. Bg5 f4 28. Bxe7 Qxe7 29. Qxe7 Rxe7 30. g3 g5 31. gxf4 exf4 32. Rg1 h6 33. Nd5 Rd7 34. h4 Rxd5 35. exd5 Bxd5 36. Be2 Re8 37. Bd1 Re3 38. hxg5 hxg5 39. Rxg5 Bxf3+ 40. Bxf3 Rxf3 41. Rg6 Rf2 42. Rxa6 Rxc2 43. b4 Nf5 44. Rf6 Ng3+ 45. Kg1 Kg7 46. Rb6 f3 0-1


[Site "https://www.chess.com"]

[Event "Titled Tuesday Blitz November 29 Late 2022"]
[White "Donchenko, Alexander"]
[Black "Martinez Ramirez, Lennis"]
[WhiteFideId "24603295"]
[BlackFideId "3509079"]
[WhiteElo "2572"]
[BlackElo "2439"]
[Result "1-0"]
[Round "07"]
[TimeControl "180+1"]
[Date "2022.11.30"]
[WhiteClock "0:00:51"]
[BlackClock "0:00:10"]

1. c4 e5 2. g3 Nf6 3. Bg2 c6 4. Nf3 e4 5. Nd4 d5 6. cxd5 Qxd5 7. Nc2 Qe5 8. Nc3 Bf5 9. b4 Nbd7 10. Bb2 Bg6 11. O-O h5 12. h4 O-O-O 13. b5 cxb5 14. Ne3 a6 15. Qc2 Qc7 16. Rfc1 Kb8 17. Qd1 Qe5 18. Rab1 Qe6 19. Ba1 Nb6 20. Nxb5 axb5 21. Rxb5 Nfd7 22. a4 Rc8 23. Rcb1 Rc5 24. a5 Rxb5 25. Rxb5 Na8 26. Qb1 Qc6 27. Bh3 Nc5 28. Be5+ Bd6 29. Bxg7 Rg8 30. Bd4 Nc7 31. Rb6 Qa4 32. Rxd6 Qxa5 33. Rb6 N7a6 34. Nc4 Qa4 35. Bxc5 Nxc5 36. Nd6 Qa7 37. Qb4 1-0


[Site "https://www.chess.com"]

[Event "Titled Tuesday Blitz November 29 Late 2022"]
[White "Dzierzak, Radoslaw"]
[Black "Sanchez, Robert"]
[WhiteFideId "1161407"]
[BlackFideId "2034360"]
[WhiteElo "2111"]
[BlackElo "2317"]
[Result "1/2-1/2"]
[Round "07"]
[TimeControl "180+1"]
[Date "2022.11.30"]
[WhiteClock "0:00:05"]
[BlackClock "0:00:10"]

1. e4 d5 2. exd5 Qxd5 3. Nc3 Qe6+ 4. Be2 Qg6 5. Bf3 Nc6 6. Nb5 Qe6+ 7. Ne2 Qd7 8. d4 a6 9. Nbc3 Nf6 10. Bg5 h6 11. Bxf6 exf6 12. O-O Be7 13. Nd5 Bd6 14. c4 O-O 15. c5 Be7 16. Nxe7+ Nxe7 17. d5 Ng6 18. Nc3 Ne5 19. Be4 Re8 20. f4 Nc4 21. Qd4 b5 22. b3 Na3 23. Rac1 f5 24. Bf3 a5 25. Rfe1 Bb7 26. c6 Bxc6 27. Qc5 Bb7 28. Qxa3 b4 29. Qa4 Qd6 30. Nb5 Qxf4 31. d6 Bxf3 32. Nxc7 Qg5 33. Rxe8+ Rxe8 34. Qxe8+ Kh7 35. Rc2 Be4 36. Rf2 Qc1+ 37. Rf1 Qe3+ 38. Kh1 Qe2 39. Rg1 Bxg2+ 40. Rxg2 Qf1+ 41. Rg1 Qf3+ 42. Rg2 Qf1+ 43. Rg1 Qf3+ 44. Rg2 Qf1+ 1/2-1/2


[Site "https://www.chess.com"]

[Event "Titled Tuesday Blitz November 29 Late 2022"]
[White "Ehlvest, Jaan"]
[Black "Chernomordik, Pavel"]
[WhiteFideId "4500016"]
[BlackFideId "2804530"]
[WhiteElo "2430"]
[BlackElo "2192"]
[Result "1-0"]
[Round "07"]
[TimeControl "180+1"]
[Date "2022.11.30"]
[WhiteClock "0:01:32"]
[BlackClock "0:00:29"]

1. e4 g6 2. d4 Bg7 3. Nc3 d6 4. Be3 a6 5. Qd2 b5 6. h4 h6 7. h5 g5 8. f4 gxf4 9. Bxf4 Bb7 10. Nf3 Nd7 11. O-O-O b4 12. Nd5 a5 13. Bd3 e6 14. Ne3 Ngf6 15. d5 e5 16. Nf5 Bf8 17. Bxh6 Ng4 18. Bg5 f6 19. Be3 Nxe3 20. Qxe3 Nc5 21. Bb5+ Kf7 22. g4 Bc8 23. h6 Rb8 24. Bc6 Bxf5 25. exf5 a4 26. g5 b3 27. cxb3 axb3 28. a3 fxg5 29. Nxg5+ Ke7 30. f6+ 1-0


[Site "https://www.chess.com"]

[Event "Titled Tuesday Blitz November 29 Late 2022"]
[White "Estrada Nieto, Julian"]
[Black "Gasparyan, David"]
[WhiteFideId "5101018"]
[BlackFideId "13311980"]
[WhiteElo "2221"]
[BlackElo "2365"]
[Result "0-1"]
[Round "07"]
[TimeControl "180+1"]
[Date "2022.11.30"]
[WhiteClock "0:00:01"]
[BlackClock "0:00:06"]

1. e4 c5 2. Nf3 Nf6 3. Nc3 d5 4. Bb5+ Nc6 5. e5 Ne4 6. O-O Bg4 7. h3 Bh5 8. d3 Nxc3 9. bxc3 e6 10. Rb1 Be7 11. Ba4 Rb8 12. Rxb7 Rxb7 13. Bxc6+ Rd7 14. Be3 O-O 15. Bxd7 Qxd7 16. Qb1 Qc7 17. Bf4 Rb8 18. Qc1 Qa5 19. g4 Bg6 20. h4 h5 21. Bg5 Bf8 22. gxh5 Bxh5 23. Kg2 Qxa2 24. Qa1 Qxc2 25. Qxa7 Qxd3 26. Nh2 Qe4+ 27. Kg1 Rb2 28. Qa8 Qxe5 29. Be7 Rb8 30. Qa7 Bxe7 31. Qxe7 Qxc3 32. Qg5 Be2 33. Rc1 Qd4 34. h5 Bd3 35. h6 Bg6 36. hxg7 Rb2 37. Ng4 Kxg7 38. Rf1 Rd2 39. Ne5 Qe4 40. Nxg6 Qxg6 41. Qxg6+ Kxg6 42. Rc1 c4 43. Kg2 Ra2 44. Kf3 Kf5 45. Rb1 e5 46. Rb7 f6 47. Rb6 d4 48. Rc6 c3 0-1


[Site "https://www.chess.com"]

[Event "Titled Tuesday Blitz November 29 Late 2022"]
[White "Fareh, Youness"]
[Black "Kovacevic, Radmila"]
[WhiteFideId "9000526"]
[BlackFideId "933171"]
[WhiteElo "1842"]
[BlackElo "2208"]
[Result "0-1"]
[Round "07"]
[TimeControl "180+1"]
[Date "2022.11.30"]
[WhiteClock "0:00:05"]
[BlackClock "0:00:26"]

1. Nf3 e5 2. Nxe5 Nc6 3. Nxc6 dxc6 4. g3 Bd6 5. Bg2 h5 6. h4 g5 7. e3 gxh4 8. Rxh4 Bg4 9. Bf3 Be7 10. Rh1 Nf6 11. b3 Qd7 12. Bb2 O-O-O 13. Nc3 Qf5 14. Bxg4 hxg4 15. Rf1 Rh2 16. Qe2 Qxc2 17. d4 Qf5 18. O-O-O Bb4 19. a3 Bxc3 20. Bxc3 Ne4 21. Be1 c5 22. d5 a6 23. Rd3 Rxd5 24. Rxd5 Qxd5 25. Qxg4+ Kb8 26. Qd1 Qf5 27. f4 Nd6 28. Rf2 Rh1 29. Re2 Qe6 30. Qd3 c4 31. bxc4 Nxc4 32. Qd8+ Ka7 33. Qd4+ Nb6 34. Kb2 Qc6 35. Bc3 Qb5+ 36. Ka2 Qxe2+ 0-1


[Site "https://www.chess.com"]

[Event "Titled Tuesday Blitz November 29 Late 2022"]
[White "Fedoseev, Vladimir"]
[Black "Melkumyan, Hrant"]
[WhiteFideId "24130737"]
[BlackFideId "13302485"]
[WhiteElo "2726"]
[BlackElo "2604"]
[Result "1-0"]
[Round "07"]
[TimeControl "180+1"]
[Date "2022.11.30"]
[WhiteClock "0:00:01"]
[BlackClock "0:00:11"]

1. d4 Nf6 2. c4 g6 3. Nc3 Bg7 4. e4 d6 5. Be2 e5 6. d5 Na6 7. Be3 Nc5 8. f3 a5 9. g4 h5 10. g5 Nh7 11. h4 f6 12. Qd2 fxg5 13. hxg5 O-O 14. Nh3 Bxh3 15. Rxh3 Rf4 16. Rg3 Qe7 17. O-O-O Raf8 18. Rdg1 Rh4 19. R3g2 Rh3 20. Qd1 Rf4 21. Kb1 Nf8 22. Nb5 b6 23. a3 Qd8 24. Ka2 Rf7 25. Nc3 Nfd7 26. b4 Nb7 27. Kb3 Bf8 28. Rh1 Rxh1 29. Qxh1 Be7 30. Qh3 Nf8 31. Nb5 Qb8 32. Rg1 Bd8 33. Qg3 Qa8 34. Nc3 Qc8 35. f4 exf4 36. Bxf4 Qd7 37. Bd3 Be7 38. Be3 Qe8 39. e5 dxe5 40. Qxe5 axb4 41. axb4 Qd8 42. Bd4 Rh7 43. Bxg6 Bd6 44. Bxh7+ 1-0


[Site "https://www.chess.com"]

[Event "Titled Tuesday Blitz November 29 Late 2022"]
[White "Figorito, Nick"]
[Black "Marcolino, Daniel Mattos"]
[WhiteFideId "30923689"]
[BlackFideId "2106841"]
[WhiteElo "2335"]
[BlackElo "2130"]
[Result "1/2-1/2"]
[Round "07"]
[TimeControl "180+1"]
[Date "2022.11.30"]
[WhiteClock "0:00:37"]
[BlackClock "0:01:14"]

1. Nf3 d5 2. g3 Nf6 3. Bg2 e6 4. O-O Be7 5. d4 O-O 6. Nbd2 b6 7. c4 Bb7 8. cxd5 exd5 9. Ne5 Nbd7 10. Ndf3 Ne4 11. Bf4 c5 12. Nxd7 Qxd7 13. Ne5 Qe6 14. dxc5 Bxc5 15. Bxe4 dxe4 16. Qd7 Qxd7 17. Nxd7 Rfc8 18. Nxc5 Rxc5 19. Rac1 Rac8 20. Rfd1 Rxc1 21. Rxc1 Rxc1+ 22. Bxc1 Kf8 23. Kf1 Ke7 24. Ke1 Ke6 25. Kd2 Kd5 26. b3 f5 27. h4 g6 28. Ke3 Ba6 29. f3 exf3 30. exf3 Ke6 31. Kf4 Be2 32. Bb2 a6 33. g4 fxg4 34. fxg4 b5 35. Kg5 Bd1 36. Kh6 Bxg4 37. Kxh7 Bf5 38. Kh6 b4 39. Kg5 Bb1 40. a3 bxa3 41. Bxa3 Bd3 42. Kf4 Kd5 43. Ke3 Bf5 44. Kf4 Bd3 45. Ke3 Bf5 46. Kd2 Be4 47. Kc3 Bf5 48. Be7 Be4 49. Kb4 Bd3 50. Ka5 Kd4 51. Bf6+ Ke3 52. b4 Ke4 53. Kb6 Kd5 54. Bg5 Ke6 55. Kc5 Be2 56. Kd4 Bf1 57. Ke3 Bb5 58. Bd8 Bc4 59. Kf4 Bd3 60. Kg5 Kd5 61. Ba5 Kc4 62. Kf6 Kb5 63. Ke5 Bb1 64. Kd4 Bf5 65. Kd5 Bb1 66. Ke6 Bc2 67. Kf7 Bd3 68. Kg7 Bc2 69. Kh6 Bb1 70. Kg5 Bc2 71. Kf4 Bb1 72. Ke3 Bc2 73. Kd2 Bf5 74. Kc3 Be4 75. Kb2 Bf5 76. Ka1 Be4 77. Ka2 Bf5 78. Ka3 Be4 79. Kb3 Bf5 80. Kc3 Be4 81. Kd2 Bf5 82. Ke2 Bb1 83. Ke3 Bc2 84. Kd4 Bb1 85. Ke5 Bc2 86. Kf6 Bb1 87. Kg5 Bc2 88. Kf4 Bb1 89. Ke3 1/2-1/2


[Site "https://www.chess.com"]